General information
- name: BNet
- type: Ladder 1vs1/FFA
- host: Battle.net
- saver: FrogStomper
map: TurtleRock
- players: 2
- length: 34:45
- speed: Fast
- version: 1.26 W3XP
- replay type: Public
» download(117 KB)
Players
team 1 (loser)

»
djidane89 (
red | 68 APM | 2350 actions | 34:43)
5 Death Knight
2 Death Coil
1 Unholy Aura
2 Death Pact
4 Lich
2 Frost Nova
2 Frost Armor
» actions
| Assign group hotkey | 130 | |
| Basic commands | 36 | |
| Build / train | 78 | |
| Enter build submenu | 24 | |
| Enter hero's abilities submenu | 9 | |
| Give item / drop item | 3 | |
| Remove unit from queue | 1 | |
| Right click | 1339 | |
| Select / deselect | 432 | |
| Select group hotkey | 218 | |
| Use ability | 80 | |
2350 total
» units
| Acolyte | 18 | |
| Ghoul | 3 | |
| Crypt Fiend | 6 | |
| Gargoyle | 4 | |
| Obsidian Statue | 2 | |
| Frost Wyrm | 13 | |
46 total
» upgrades
| Burrow | 1 | |
| Web | 1 | |
| Creature Attack | 3 | |
| Creature Carapace | 3 | |
| Freezing Breath | 1 | |
9 total
» buildings
| Altar of Darkness | 1 | |
| Ziggurat | 11 | |
| Crypt | 1 | |
| Graveyard | 1 | |
| Nerubian Tower | 2 | |
| Halls of the Dead | 1 | |
| Spirit Tower | 6 | |
| Black Citadel | 1 | |
| Tomb of Relics | 1 | |
| Slaughterhouse | 1 | |
| Sacrificial Pit | 1 | |
| Boneyard | 2 | |
29 total
» build order
00:11 Altar of Darkness
00:19 Ziggurat
00:39 Crypt
01:02 Graveyard
01:20 Ziggurat
02:12 Nerubian Tower
03:11 Halls of the Dead
03:38 Ziggurat
04:54 Spirit Tower
05:08 Ziggurat
07:22 Black Citadel
07:49 Tomb of Relics
07:52 Slaughterhouse
08:01 Ziggurat
10:29 Sacrificial Pit
10:39 Spirit Tower
10:44 Ziggurat
12:05 Boneyard
13:35 Boneyard
16:09 Ziggurat
16:26 Ziggurat
18:32 Ziggurat
18:34 Spirit Tower
18:46 Spirit Tower
19:07 Ziggurat
19:43 Spirit Tower
25:33 Spirit Tower
27:24 Ziggurat
29:10 Nerubian Tower
» items
| Potion of Lesser Invulnerability | 1 | |
1 total
team 2 (winner)
FrogStomper (
pink | 98 APM | 3414 actions | 34:45)
9 Warden
3 Fan of Knives
3 Blink
3 Shadow Strike
» actions
| Assign group hotkey | 214 | |
| Basic commands | 21 | |
| Build / train | 110 | |
| Enter build submenu | 60 | |
| Enter hero's abilities submenu | 9 | |
| Give item / drop item | 9 | |
| Right click | 2015 | |
| Select / deselect | 411 | |
| Select group hotkey | 163 | |
| Use ability | 402 | |
3414 total
» units
» upgrades
| Well Spring | 1 | |
| Nature's Blessing | 1 | |
| Sentinel | 1 | |
| Ultravision | 1 | |
4 total
» buildings
| Moon Well | 77 | |
| Altar of Elders | 1 | |
| Ancient of War | 1 | |
| Hunter's Hall | 1 | |
| Tree of Ages | 1 | |
| Ancient Protector | 19 | |
| Ancient of Wonders | 2 | |
| Tree of Eternity | 1 | |
| Tree of Life | 6 | |
109 total
» build order
00:04 Moon Well
00:38 Altar of Elders
00:53 Moon Well
02:00 Moon Well
02:14 Moon Well
02:21 Ancient of War
02:32 Hunter's Hall
03:52 Moon Well
04:34 Tree of Ages
05:58 Moon Well
06:23 Ancient Protector
06:32 Moon Well
06:41 Moon Well
07:30 Ancient of Wonders
08:14 Tree of Eternity
09:23 Tree of Life
09:24 Ancient Protector
09:25 Ancient Protector
09:25 Ancient Protector
09:25 Ancient Protector
09:26 Ancient Protector
09:27 Ancient Protector
09:46 Moon Well
11:10 Ancient Protector
11:12 Ancient Protector
11:40 Moon Well
12:15 Ancient Protector
13:26 Moon Well
14:19 Ancient Protector
14:41 Ancient Protector
15:34 Moon Well
15:35 Moon Well
15:38 Moon Well
15:39 Moon Well
15:40 Moon Well
15:59 Moon Well
15:59 Moon Well
15:59 Moon Well
16:00 Moon Well
16:00 Moon Well
16:00 Moon Well
16:00 Moon Well
16:01 Moon Well
16:02 Moon Well
16:02 Moon Well
17:35 Moon Well
17:58 Moon Well
17:58 Moon Well
17:58 Moon Well
17:59 Moon Well
17:59 Moon Well
17:59 Moon Well
17:59 Moon Well
18:00 Moon Well
18:00 Moon Well
19:54 Ancient of Wonders
22:51 Tree of Life
23:16 Moon Well
23:16 Moon Well
23:16 Moon Well
23:17 Moon Well
23:17 Moon Well
23:18 Moon Well
23:18 Moon Well
23:18 Moon Well
23:19 Moon Well
23:19 Moon Well
25:21 Tree of Life
25:25 Ancient Protector
25:25 Ancient Protector
25:26 Ancient Protector
25:26 Ancient Protector
25:26 Ancient Protector
25:27 Ancient Protector
25:28 Ancient Protector
28:03 Moon Well
28:03 Moon Well
28:04 Moon Well
28:04 Moon Well
28:05 Moon Well
28:05 Moon Well
28:06 Moon Well
28:06 Moon Well
28:06 Moon Well
28:10 Moon Well
28:11 Moon Well
28:11 Moon Well
28:12 Moon Well
28:12 Moon Well
28:12 Moon Well
28:13 Moon Well
28:13 Moon Well
28:13 Moon Well
28:36 Tree of Life
29:32 Tree of Life
32:41 Tree of Life
32:54 Moon Well
32:54 Moon Well
32:55 Moon Well
32:55 Moon Well
32:56 Moon Well
32:56 Moon Well
32:57 Moon Well
32:57 Moon Well
32:58 Moon Well
33:00 Moon Well
» items
| Potion of Healing | 3 | |
| Potion of Mana | 4 | |
| Staff of Teleportation | 1 | |
| Potion of Invisibility | 2 | |
| Lesser Clarity Potion | 1 | |
| Scroll of Town Portal | 3 | |
| Potion of Lesser Invulnerability | 1 | |
| Orb of Venom | 1 | |
| Periapt of Vitality | 1 | |
17 total
Chat log
(00:11 / All) FrogStomper: ASL?
(00:30 / All) FrogStomper: ASL?
(01:09 / All) FrogStomper: ASL?
(01:50 / All) FrogStomper: ASL?
(04:30 / All) FrogStomper: may I ask you waht you are wearing?
(05:50 / All) FrogStomper: whopp
(22:13 / All) djidane89: gg
(22:16 / All) djidane89: good
(22:27 / All) FrogStomper: Stick around
(22:32 / All) FrogStomper: You might win, who knows
(22:42 / All) FrogStomper: You got some acolytes you an enlist them in the fight
(25:24 / All) djidane89: pgm?
(30:25 / All) djidane89: gg
(30:31 / All) FrogStomper: Did you have lots of fun?
(30:40 / All) djidane89: lol no
(30:48 / All) FrogStomper: why not
(30:59 / All) djidane89: u style game
(31:07 / All) FrogStomper: It's mass fun yes?
(31:10 / All) FrogStomper: Fun for everyone
(31:12 / All) djidane89: first time
(31:25 / All) djidane89: from?
(31:52 / All) djidane89: u play dota?
(31:57 / All) djidane89: 1 hero
(32:07 / All) FrogStomper: I dota on ladder
(32:12 / All) FrogStomper: This is how I play DOTA
(34:34 / All) djidane89: ok gg bye